cohdb
Replays
Latest Replays
All Replays
Popular Replays
Top Player Replays
Match Explorer
How It Works
Community
CoH3 Stats
Reddit
Sign in to upload your games and track your stats! →
Sign in with Steam
Match 45277851
Unlisted
Match 45277851
Overview
Messages
Build Orders
End
Construct Section Command Post
Vickers Machine Gun Team
Selects Canadian Shock Battlegroup
Infantry Section
Infantry Section
Grenade Package
Construct Field Infirmary
Construct Platoon Command Post
Selects Offensive Resupply
Selects Canadian Shock Section
Canadian Shock Section
Canadian Shock Section
Selects Smoke Operation
Unlock M3 Stuart Light Tanks
M3 Stuart Light Tank
Unlock Bishop Self-propelled Artillery
Royal Engineer Section
Bishop Self-propelled Artillery
Selects Incendiary Munitions
Selects Pyrotechnics
Construct Company Command Post
Infantry Section
Unlock M3 Grant Medium Tanks
M3 Grant Medium Tank
Smoke Operation
Armored Vehicle Training
M3 Grant Medium Tank
Shingles
Gunshy
Leandritox
Manu
0
0
Comments
sign in to comment!
No comments posted yet!